 Dungeon Crawl Stone Soup version 0.31-a0-931-g7b59d4eb97 (webtiles) character file.

Game seed: 2726131227154680065

316 Arzdou the Carver (level 6, -10/47 HPs)
             Began as a Merfolk Monk on Oct 19, 2023.
             Mangled by an ogre
             ... wielding a +0 giant spiked club
              (22 damage)
             ... on level 5 of the Dungeon.
             The game lasted 00:05:27 (3894 turns).

Arzdou the Carver (Merfolk Monk)                    Turns: 3894, Time: 00:05:27

Health: -10/47     AC:  6    Str: 12    XL:     6   Next: 44%
Magic:  6/6        EV: 10    Int:  9    God:
Gold:   236        SH:  0    Dex: 18    Spells: 5/5 levels left

rFire   . . .        a - +0 falchion
rCold   . . .        d - orb {light}
rNeg    . . .        n - +0 scale mail
rPois   .            (no helmet)
rElec   .            (no cloak)
rCorr   +            (no gloves)
SInv    .            (no boots)
Will    +....        (no amulet) Stlth
                     p - ring of willpower
HPRegen 0.27/turn    u - ring of resist corrosion
MPRegen 0.10/turn

%: no passive effects
@: glowing
A: (nimble swimmer 2), mertail
a: no special abilities


You were on level 5 of the Dungeon.
You visited 1 branch of the dungeon, and saw 5 of its levels.

You collected 236 gold pieces.

Inventory:

Hand Weapons
 a - a +0 falchion (weapon)
Missiles
 f - 5 poisoned darts
Armour
 b - a +0 robe
 d - an orb of light (worn)
 n - a +0 scale mail (worn)
Jewellery
 p - a ring of willpower (left hand)
 u - a ring of resist corrosion (right hand)
Wands
 o - a wand of roots (11)
Scrolls
 j - 2 scrolls of poison
 k - a scroll of enchant weapon {unknown}
 q - a scroll of teleportation {unknown}
 r - a scroll of brand weapon {unknown}
 s - a scroll of amnesia {unknown}
 t - a scroll of immolation {unknown}
Potions
 c - a potion of ambrosia
 e - 2 potions of curing {unknown}
 g - a potion of might {unknown}
 h - 2 potions of resistance {unknown}
 i - 2 potions of degeneration {unknown}
 l - 2 potions of berserk rage {unknown}
 m - 3 potions of heal wounds {unknown}
 v - a potion of brilliance {unknown}


   Skills:
 - Level 3.2 Fighting
 + Level 8.5 Long Blades
 - Level 4.0 Dodging


You had 5 spell levels left.
You didn't know any spells.
Your spell library contained the following spells:

 Spells                   Type           Power      Damage    Failure   Level
 Magic Dart               Conj           0%         1d3       92%         1
 Call Imp                 Summ           0%         N/A       98%         2
 Lesser Beckoning         Tloc           0%         N/A       98%         2
 Frozen Ramparts          Ice            0%         1d1       100%        3
 Gell's Gravitas          Tloc           0%         N/A       100%        3
 Ignite Poison            Fire/Tmut/Pois 0%         N/A       100%        3
 Mephitic Cloud           Conj/Pois/Air  0%         N/A       100%        3
 Teleport Other           Tloc           0%         N/A       100%        3
 Petrify                  Tmut/Erth      0%         N/A       100%        4
 Sticky Flame             Conj/Fire      0%         2d3       100%        4
 Metabolic Englaciation   Hex/Ice        0%         N/A       100%        5
 Ignition                 Fire           0%         3d3       100%        8


Dungeon Overview and Level Annotations

Branches:
Dungeon (5/15)
 Temple: D:4-7

Altars:
Dithmenos

Annotations:
D:3 Sigmund
D:4 Grinder


Innate Abilities, Weirdness & Mutations

((You are very nimble when in or above water. (Stealth+, EV+, Speed+++)))
Your lower body shifts to a powerful aquatic tail in water.


Message History

You closely miss the adder. The adder bites you but does no damage.
You closely miss the adder. The adder closely misses you. x2
You slash the adder!
The adder is severely wounded.
The adder bites you.
You hit the adder but do no damage.
The adder is severely wounded.
The adder bites you but does no damage.
You hit the adder.
You kill the adder!
The howler monkey hoots and howls with incredible vigour!
You hear a shout! x2; You hear a bellow!
You hear a shout!
You hear a bellow!
You hear a shout!
You hear a bellow! x2; You hear an angry hiss.
An ogre comes into view. It is wielding a +0 giant spiked club.
The ogre shouts!
The howler monkey misses you.
You hit the howler monkey.
The howler monkey is lightly wounded.
The howler monkey closely misses you.
You barely miss the howler monkey.
The howler monkey is lightly wounded.
The howler monkey closely misses you.
You hit the howler monkey.
The howler monkey is moderately wounded.
The howler monkey hits you.
You slash the howler monkey!
The howler monkey is severely wounded.
The howler monkey hits you.
You slash the howler monkey!
You kill the howler monkey!
The ogre hits you with a +0 giant spiked club!!
Ouch! That really hurt!
* * * LOW HITPOINT WARNING * * *
You are too injured to fight recklessly!
You are too injured to fight recklessly!
You are too injured to fight recklessly!
You are too injured to fight recklessly!
You are too injured to fight recklessly!
The ogre hits you with a +0 giant spiked club!!
You die...

#....#....####
#.###.....##.....
#......##........
#####..).........
#####..............
#####.........<........ ##
#......................
...##.#...###........#....
.>.......# #.@............
..$......####O<......##...#
.........##...##รท##### ..#
............####...# .#
.........#### ###.#
......>..# .# .........# .
.........# .. .(.......# ..


You could see an ogre.

Vanquished Creatures
  A howler monkey (D:5)
  A jelly (D:4)
  An orc priest (D:5)
  A hound (D:5)
  Jessica (D:3)
  An orc wizard (D:4)
  5 adders
  3 worms
  3 dart slugs
  An orc (D:4)
  2 bats (D:1)
  8 endoplasms
  3 giant cockroaches
  14 goblins
  10 hobgoblins
  2 jackals (D:3)
  5 kobolds
  5 quokkas
  4 ball pythons
  3 frilled lizards
  4 rats
78 creatures vanquished.

Notes
Turn   | Place    | Note
-------+----------+-------------------------------------------
     0 | D:1      | Arzdou the Merfolk Monk began the quest for the Orb.
     0 | D:1      | Reached XP level 1. HP: 18/18 MP: 1/1
   175 | D:1      | Reached skill level 4 in Long Blades
   239 | D:1      | Reached XP level 2. HP: 22/24 MP: 2/2
   663 | D:1      | Reached XP level 3. HP: 28/29 MP: 3/3
   668 | D:1      | Reached skill level 5 in Long Blades
   776 | D:1      | Found a faded altar of an unknown god.
  1291 | D:2      | Identified the +1 flail "Newt's Death Toll" {heavy, rF+
                  | rN+}
  1465 | D:2      | Reached XP level 4. HP: 26/35 MP: 4/4
  1613 | D:2      | Reached skill level 6 in Long Blades
  2121 | D:3      | Noticed Jessica
  2142 | D:3      | Killed Jessica
  2143 | D:3      | Reached XP level 5. HP: 18/41 MP: 5/5
  2143 | D:3      | Found a shadowy altar of Dithmenos.
  2538 | D:3      | Reached skill level 7 in Long Blades
  2618 | D:3      | Noticed Sigmund
  3281 | D:4      | Noticed Grinder
  3430 | D:5      | Entered Level 5 of the Dungeon
  3556 | D:4      | Reached XP level 6. HP: 41/47 MP: 6/6
  3702 | D:5      | Reached skill level 8 in Long Blades
  3894 | D:5      | Mangled by an ogre

Illustrated notes

Levels and vault maps discovered:
D:1:      lightli_arrival_statue_moat, layout_basic,
          shapermc_ecumenical_altar_ellora
D:2:      cheibrodos_greedy_goblins, layout_loops_ring
D:3:      layout_loops_ring, lemuel_tele_altar, st_stairs_6, uniq_sigmund,
          uniq_jessica
D:4:      layout_basic, st_stairs_10, corner_web_ring, uniq_grinder,
          uniq_natasha
D:5:      layout_rooms, nicolae_uskayaw_suspiria

Skill      XL: |  1  2  3  4  5  6 |
---------------+-------------------+-----
Long Blades    | 4 5 6 7 8 |  8.5
Fighting       | |  3.2
Dodging        | |  4.0

Action                     |  1- 3 |  4- 6 || total
---------------------------+-------+-------++-------
  Melee: Falchion          |    91 |   133 ||   224
    Use: Scroll            |       |     1 ||     1
 Armour: Robe              |    30 |     9 ||    39
         Scale mail        |       |    70 ||    70
  Dodge: Dodged            |    48 |    63 ||   111

Table legend: (Time is in decaauts)
 A = Elapsed time spent in this place.
 B = Non-inter-level travel time spent in this place.
 C = Inter-level travel time spent in this place.
 D = Time resting spent in this place.
 E = Time spent auto-exploring this place.
 F = Levels seen in this place.
 G = Mean time per level.
                   A        B        C        D        E       F      G
               +--------+--------+--------+--------+--------+-----+--------+
         Total |   3893 |   3774 |    119 |    690 |   2467 |   5 |  778.6 |
       Dungeon |   3893 |   3774 |    119 |    690 |   2467 |   5 |  778.6 |
               +--------+--------+--------+--------+--------+-----+--------+

Top non-repeatable levels by time:
     D:1: 1280 daAuts
     D:2: 1047 daAuts
     D:3: 915 daAuts
     D:5: 328 daAuts
     D:4: 322 daAuts
